 Dungeon Crawl Stone Soup version 0.32-a0-422-g28b100f (webtiles) character file.

Game seed: 16916325480277153667

29 GeorgeSoros the Sneak (level 3, -1/16 HPs)
             Began as a Spriggan Enchanter on May 12, 2023.
             Slain by a rat (3 damage)
             ... on level 2 of the Dungeon on Feb 21, 2024.
             The game lasted 00:06:28 (1437 turns).

GeorgeSoros the Sneak (Spriggan Enchanter)          Turns: 1437, Time: 00:06:28

Health: -1/16      AC:  2    Str:  4    XL:     3   Next: 1%
Magic:  8/8        EV: 18    Int: 16    God:
Gold:   49         SH:  0    Dex: 17    Spells: 5/7 levels left

rFire   . . .        a - +1 dagger
rCold   . . .        (no shield)
rNeg    . . .        b - +0 robe
rPois   .            (helmet restricted)
rElec   .            (no cloak)
rCorr   .            (gloves unavailable)
SInv    +            (boots unavailable)
Will    .....        (no amulet)
Stlth   +++          (no ring)
HPRegen 0.22/turn    (no ring)
MPRegen 0.11/turn

%: no passive effects
@: very quick
A: very small, no large weapons, unfitting armour, see invisible, speed 3
a: no special abilities


You were on level 2 of the Dungeon.
You visited 1 branch of the dungeon, and saw 2 of its levels.

You collected 49 gold pieces.

Inventory:

Hand Weapons
 a - a +1 dagger (weapon)
Armour
 b - a +0 robe (worn)
Scrolls
 d - a scroll of identify {unknown}
 f - a scroll of noise {unknown}
 j - a scroll of immolation {unknown}
Potions
 c - 2 potions of invisibility
 e - a potion of degeneration {unknown}
 g - 2 potions of might {unknown}
 h - 2 potions of lignification {unknown}
 i - a potion of brilliance {unknown}
 k - a potion of haste {unknown}


   Skills:
 - Level 1.2 Short Blades
 + Level 3.3 Dodging
 + Level 5.1 Stealth
 - Level 2.8 Spellcasting
 + Level 4.1 Hexes
 + Level 0.3 Ice Magic


You had 5 spell levels left.
You knew the following spells:

 Your Spells              Type           Power      Damage    Failure   Level
a - Ensorcelled Hibernat  Hex/Ice        18%        N/A       12%         2

Your spell library contained the following spells:

 Spells                   Type           Power      Damage    Failure   Level
 Confusing Touch          Hex            15%        N/A       11%         3
 Tukima's Dance           Hex            15%        N/A       11%         3
 Dazzling Flash           Conj/Hex       16%        N/A       24%         3


Dungeon Overview and Level Annotations

Branches:
Dungeon (2/15)

Altars:


Innate Abilities, Weirdness & Mutations

You are very small and have problems with some larger weapons.
You are too small for most types of armour.
You have supernaturally acute eyesight. (SInv)
You cover ground extremely quickly. (Speed+++)


Message History

The rat misses you. The rat closely misses you. The rat misses you.
The rat barely misses you. The rat bites you. The rat misses you.
The rat completely misses you. The rat misses you.
The rat completely misses you. The rat completely misses you.
The rat completely misses you. The rat bites you.
* * * LOW HITPOINT WARNING * * *
The rat bites you but does no damage. The rat bites you but does no damage.
The rat closely misses you. The rat misses you. The rat completely misses you.
The rat barely misses you. The rat bites you.
* * * LOW HITPOINT WARNING * * *
The rat barely misses you. The rat barely misses you. The rat misses you.
The rat completely misses you. The rat completely misses you.
The rat bites you.
* * * LOW HITPOINT WARNING * * *
The rat misses you. The rat misses you. The rat misses you. The rat misses you.
The rat misses you. The rat closely misses you. The rat bites you.
* * * LOW HITPOINT WARNING * * *
The rat bites you.
* * * LOW HITPOINT WARNING * * *
The rat bites you.
You die...

... #.. #.####
#.#.. # #.#.#
...
####.#.##.....
#.....<...!...
#.##$####..#..
#@......#
##r###.## ...
.#.# .#.# .. .
.. ## ..


You could see a rat.

Vanquished Creatures
  2 dart slugs (D:1)
  2 ball pythons (D:1)
  4 endoplasms (D:1)
  3 goblins (D:1)
  2 hobgoblins (D:1)
  A quokka (D:1)
  3 bats (D:1)
  3 frilled lizards (D:1)
  A kobold (D:1)
  5 rats (D:1)
26 creatures vanquished.

Notes
Turn   | Place    | Note
-------+----------+-------------------------------------------
     0 | D:1      | GeorgeSoros the Spriggan Enchanter began the quest for the
                  | Orb.
     0 | D:1      | Reached XP level 1. HP: 9/9 MP: 5/5
   237 | D:1      | Reached XP level 2. HP: 13/13 MP: 6/6
   342 | D:1      | Learned a level 2 spell: Ensorcelled Hibernation
  1019 | D:1      | Reached skill level 5 in Stealth
  1162 | D:1      | Reached XP level 3. HP: 16/16 MP: 8/8
  1162 | D:1      | Upgraded the game from 0.31-a0-18-gea43df2 to
                  | 0.31-a0-844-gdc52ec4
  1293 | D:1      | Upgraded the game from 0.31-a0-844-gdc52ec4 to
                  | 0.32-a0-422-g28b100f
  1437 | D:2      | Slain by a rat

Illustrated notes

Levels and vault maps discovered:
D:1:      shiori_arrival_elements, layout_loops_cross, serial_co_window_serial,
          co_window_paths_a, co_window_corner_a, co_window_of_opportunity_a,
          co_window_paths_a, co_window_paths_a, co_window_paths_c,
          co_window_2corner, co_window_broadway_a, co_window_2corner,
          co_window_paths_c, co_window_broadway_c, co_window_paths_d
D:2:      layout_basic

Skill      XL: |  1  2 |
---------------+-------+-----
Dodging        | 3 |  3.3
Hexes          | 4 |  4.1
Stealth        | 5 |  5.1
Short Blades   | |  1.2
Spellcasting   | |  2.8
Ice Magic      | |  0.3

Action                     || total
---------------------------++-------
  Melee: Dagger            ||    68
   Cast: Ensorcelled Hiber ||     6
   Stab: Sleeping          ||    11
         Distracted        ||     1
 Armour: Robe              ||    40
  Dodge: Dodged            ||   118

Table legend: (Time is in decaauts)
 A = Elapsed time spent in this place.
 B = Non-inter-level travel time spent in this place.
 C = Inter-level travel time spent in this place.
 D = Time resting spent in this place.
 E = Time spent auto-exploring this place.
 F = Levels seen in this place.
 G = Mean time per level.
                   A        B        C        D        E       F      G
               +--------+--------+--------+--------+--------+-----+--------+
         Total |   1002 |    986 |     16 |      0 |    698 |   2 |  501.0 |
       Dungeon |   1002 |    986 |     16 |      0 |    698 |   2 |  501.0 |
               +--------+--------+--------+--------+--------+-----+--------+

Top non-repeatable levels by time:
     D:1: 889 daAuts
     D:2: 113 daAuts
